 Dungeon Crawl Stone Soup version 0.23.2-1-ga50397a6bc (console) character file.

Game seed: 15197590113104851969

134 Mumcon the Skirmisher (level 4, 0/60 HPs)
             Began as a Demigod Wanderer on Apr 19, 2019.
             Killed from afar by Menkaure (32 damage)
             ... with an exploding inner flame
             ... hexed by the player character
             ... on level 4 of the Dungeon.
             The game lasted 00:35:39 (3245 turns).

Mumcon the Skirmisher (Demigod Wanderer)            Turns: 3245, Time: 00:35:39

Health: 0/60       AC: 22    Str: 16    XL:     4   Next: 64%
Magic:  7/7        EV:  2    Int: 19    God:
Gold:   67         SH:  0    Dex: 13    Spells: 4/4 levels left

rFire    . . .     SeeInvis .   m - +4 dagger
rCold    . . .     Gourm    .   (no shield)
rNeg     + + +     Faith    .   (armour currently unavailable)
rPois    +         Spirit   .   (helmet currently unavailable)
rElec    .         Reflect  .   (cloak currently unavailable)
rCorr    .         Harm     .   (gloves currently unavailable)
MR       .....     NoTele   +   (boots currently unavailable)
Stlth    ++........             (no amulet)
HPRegen  0.20/turn              (no ring)
MPRegen  0.10/turn              (no ring)

@: tree-form
A: high mp 1
a: no special abilities


You were on level 4 of the Dungeon.
You were hungry.
You were a tree.
You visited 1 branch of the dungeon, and saw 4 of its levels.

You collected 67 gold pieces.

Inventory:

Hand Weapons
 a - a +0 club
 m - a +4 dagger (weapon)
 p - a +0 club
 q - a +0 club
 r - a +0 club
 s - a +0 mace
 w - a +0 whip
Missiles
 i - 7 needles of paralysis
Armour
 c - a +0 ring mail
 e - a +0 chain mail (melded)
 j - a +1 pair of boots (melded)
 x - a +0 leather armour
Scrolls
 g - 5 scrolls of remove curse
 k - 2 scrolls of identify
 n - 3 scrolls of immolation
 t - a scroll of enchant weapon
Potions
 d - a potion of berserk rage
 h - a potion of curing
 l - a potion of degeneration {unknown}
 u - a potion of magic {unknown}
 v - a potion of haste {unknown}
Comestibles
 f - 7 rations


   Skills:
 + Level 4.1 Fighting
 * Level 1.5 Maces & Flails
 + Level 2.4 Armour
 + Level 1.5 Dodging
 - Level 1.3 Stealth
   Level 1.0 Shields
 - Level 1.7 Unarmed Combat
 * Level 0.7 Spellcasting
   Level 1.0 Evocations


You had 4 spell levels left.
You didn't know any spells.
Your spell library was empty.

Dungeon Overview and Level Annotations

Branches:
Dungeon (4/15)
 Temple: D:4-7


Innate Abilities, Weirdness & Mutations

You have an increased reservoir of magic. (+10% MP)


Message History

The leopard gecko skeleton bites you but does no damage.
Menkaure hits you but does no damage.
You hit Menkaure.
Menkaure is heavily damaged.
Menkaure hits you but does no damage.
The leopard gecko skeleton bites you but does no damage.
Menkaure hits you.
You hit Menkaure.
Menkaure is severely damaged.
The leopard gecko skeleton bites you but does no damage.
Menkaure hits you but does no damage.
You hit Menkaure.
Menkaure is almost destroyed.
The leopard gecko skeleton bites you but does no damage.
Menkaure hits you!
You hit Menkaure.
Menkaure explodes!
The fiery explosion engulfs you!!
Ouch! That really hurt!
You die...

# .## ..##
##..######
#.§§.....#
#.§.§.....
#.♣§..[...
#..Z......
#.........
#.........
..........
.##..>.....
# ##.......
##.....


You could see a leopard gecko skeleton (inner flame).

Vanquished Creatures
  3 adders (D:2)
  2 oozes (D:1)
  2 dart slugs
  2 leopard geckos
  5 orcs (D:3)
  5 giant cockroaches
  2 gnoll zombies (D:2)
  9 goblins
  8 hobgoblins
  12 jackals
  2 quokkas
  8 bats
  5 frilled lizards
  6 kobolds
  11 rats
82 creatures vanquished.

Notes
Turn   | Place    | Note
-------+----------+-------------------------------------------
     0 | D:1      | Mumcon the Demigod Wanderer began the quest for the Orb.
     0 | D:1      | Mumcon set off with the following items: a +0 club, a
                  | potion of lignification, a +0 ring mail, 2 potions of
                  | berserk rage, a ration
     0 | D:1      | Reached XP level 1. HP: 19/19 MP: 3/3
     6 | D:1      | Noticed a hound
     6 | D:1      | Noticed a worker ant
     6 | D:1      | Noticed a black bear
     6 | D:1      | Noticed a salamander
   104 | D:1      | Reached XP level 2. HP: 7/27 MP: 5/5
   972 | D:2      | Reached XP level 3. HP: 30/33 MP: 6/6
  1198 | D:2      | Reached skill level 1 in Maces & Flails
  1382 | D:2      | Reached skill level 4 in Fighting
  1382 | D:2      | Reached skill level 1 in Dodging
  1924 | D:2      | Found a basalt altar of Yredelemnul.
  2176 | D:3      | Reached XP level 4. HP: 39/40 MP: 7/7
  2666 | D:3      | Found an ancient bone altar of Kikubaaqudgha.
  2723 | D:3      | Found a sparkling altar of Nemelex Xobeh.
  3234 | D:4      | Noticed Menkaure
  3245 | D:4      | Killed Menkaure
  3245 | D:4      | Killed from afar by Menkaure

Skill      XL: |  1  2  3 |
---------------+----------+-----
Maces & Flails | 1 |  1.5
Fighting       | 4 |  4.1
Armour         | 2 |  2.4
Dodging        | 1 |  1.5
Stealth        | |  1.3
Shields        | |  1.0
Unarmed Combat | |  1.7
Spellcasting   | |  0.7
Evocations     | |  1.0

Action                   |  1- 3 |  4- 6 || total
-------------------------+-------+-------++-------
Melee: Club              |    82 |       ||    82
       Dagger            |    98 |    96 ||   194
  Use: Scroll            |     3 |     2 ||     5
       Potion            |     1 |     1 ||     2
 Stab: Sleeping          |     2 |       ||     2
  Eat: Chunk             |     4 |     3 ||     7
Armor: Ring mail         |    77 |    36 ||   113
       Skin              |       |    10 ||    10
       Chain mail        |       |     1 ||     1
Dodge: Dodged            |    85 |    67 ||   152
